Map: Ultralove

Players

BestNewbie

  • Race: Terran Terran
  • Spawn Location: 1:00

wootwoot - Winner!

  • Race: Terran Terran
  • Spawn Location: 7:00

VOD

Have the link to the VOD?

Description

Time

  • Played on: April 1, 2025, 1:46 p.m.
  • Length: 4:26
Show
View Real Time Build Order
Export as new Build Order

BestNewbie Terran 

Build Orders:  

Get SALT Encoding   

  12  0:00  SCV  
  13  0:13  SCV  
  14  0:25  SCV  
  15  0:33  Supply Depot  
  15  0:59  Barracks  
  15  1:00  SCV  
  16  1:10  Barracks  
  16  1:12  SCV  
  16  1:15  Barracks  
  17  1:24  SCV  
  18  1:29  Refinery  
  18  1:36  SCV  
  19  1:52  Bunker  
  19  2:02  SCV  
  19  2:04  Marine, Refinery  
  19  2:05  Marine x2  
  23  2:18  Orbital Command  
  23  2:27  Supply Depot  
  23  2:37  Barracks Reactor  
  23  2:46  Barracks Reactor  
  23  2:52  Barracks Reactor  
  23  2:54  Supply Depot  
  23  3:00  Supply Depot x2  
  23  3:01  Supply Depot  
  23  3:20  Marine x2  
  23  3:24  Marine  
  23  3:26  Marine  
  27  3:30  Marine  
  27  3:32  Marine  
  28  3:37  Marine  
  28  3:38  Marine  
  30  3:42  Marine  
  30  3:44  Marine  
  30  3:48  Marine  
  33  3:50  Marine  
  34  3:55  Marine x2  
  34  4:00  Marine  
  34  4:02  Marine  
  34  4:06  Marine  
  34  4:08  Marine  
Show
View Real Time Build Order
Export as new Build Order

wootwoot Terran - Winner!

Build Orders: 1/1/1 

Get SALT Encoding   

  12  0:00  SCV  
  13  0:12  SCV  
  14  0:17  Supply Depot  
  14  0:24  SCV  
  14  0:27  Refinery  
  15  0:38  SCV  
  16  0:44  Barracks  
  16  0:52  Refinery  
  16  0:55  SCV  
  17  1:07  SCV  
  18  1:20  SCV  
  19  1:31  Reaper  
  20  1:32  Orbital Command  
  20  1:39  Factory  
  20  1:48  Supply Depot  
  20  1:59  SCV  
  21  2:09  Barracks Reactor  
  21  2:11  SCV  
  22  2:22  Starport, Factory Tech Lab  
  22  2:23  SCV  
  23  2:36  SCV  
  24  2:37  Supply Depot  
  24  2:40  Siege Tank  
  27  2:45  Marine x2  
  27  2:49  SCV  
  30  3:01  Medivac  
  30  3:03  Marine x2  
  34  3:12  Siege Tank  
  37  3:23  Marine x2  
  37  3:26  Supply Depot  
  39  3:47  SCV, Marine x2, Siege Tank, Viking  
  47  4:05  SCV  
  47  4:25  Supply Depot  
Tags
 
Matchup
TvT
Opening
1/1/1
Race
Terran
Replay Pack
B2M-Replays
Spawn Locations
Cross Positions
Add a new tag
Caveats
  • Supply blocks, unpowered buildings, or Contaminate may cause inaccurate times.
  • Supply counts are checked every 10 seconds.